 Dungeon Sprint DCSS version 0.30-a0-808-g6e0788376e (webtiles) character file.

Game seed: 8760759556032352399

973 rocky1 the Fighter (level 7, -9/74 HPs)
             Began as a Minotaur Fighter on Feb 26, 2023.
             Was an Initiate of Gozag.
             Mangled by a deep troll (10 damage)
             ... in the Dungeon (Sprint I: "Red Sonja").
             The game lasted 00:02:05 (1594 turns).

rocky1 the Fighter (Minotaur Fighter)               Turns: 1594, Time: 00:02:06

Health: -9/74      AC: 10    Str: 22    XL:     7   Next: 94%
Magic:  6/6        EV: 11    Int:  5    God:    Gozag
Gold:   666        SH:  6    Dex: 10    Spells: 6/6 levels left

rFire   . . .      SeeInvis .    a - +0 trident
rCold   . . .      Faith    .    c - +0 buckler
rNeg    . . .      Spirit   .    b - +0 scale mail
rPois   .          Reflect  .    (helmet restricted)
rElec   .          Harm     .    o - +0 cloak
rCorr   .          Rampage  .    (no gloves)
Will    .....      NoTele   +    (no boots) Stlth
                                 (no amulet)
HPRegen 0.32/turn                (no ring)
MPRegen 0.10/turn                (no ring)

@: no status effects
A: horns 2, retaliatory headbutt
a: Renounce Religion, Potion Petition, Call Merchant, Bribe Branch


You were in the Dungeon.
You worshipped Gozag.
Gozag was pleased with you.
You visited 1 branch You collected 666 gold pieces.

Inventory:

Hand Weapons
 a - a +0 trident (weapon)
Missiles
 m - 4 curare-tipped darts (quivered)
Armour
 b - a +0 scale mail (worn)
 c - a +0 buckler (worn)
 o - a +0 cloak (worn)
Wands
 e - a wand of iceblast (10)
 k - a wand of flame (11)
Scrolls
 j - a scroll of blinking
 l - a scroll of identify {unknown}
 p - a scroll of immolation {unknown}
Potions
 d - a potion of might
 g - a potion of haste
 h - 2 potions of magic
 i - a potion of berserk rage


   Skills:
 + Level 11.4 Fighting
 + Level 9.2 Polearms
 + Level 11.4 Armour
 + Level 3.8 Dodging
 + Level 10.7 Shields


You had 6 spell levels left.
You didn't know any spells.
Your spell library was empty.

Dungeon Overview and Level Annotations

Branches:
Dungeon (1/1)

Altars:
Cheibriados
Dithmenos
Elyvilon
Fedhas
Gozag
Hepliaklqana
Kikubaaqudgha
Nemelex Xobeh
Okawaru
Qazlal
Ru
Sif Muna
Trog
Uskayaw
Vehumet
Wu Jian
Yredelemnul
Zin
The Shining One

Shops:
D [


Innate Abilities, Weirdness & Mutations

You have a pair of horns on your head.
You reflexively headbutt those who attack you in melee.


Message History

* * * LOW HITPOINT WARNING * * *
The deep troll closely misses you.
You feel much better. You block the deep troll's attack.
The deep troll completely misses you. The deep troll claws you!
You feel much better. You block the deep troll's attack.
The deep troll claws you!
The deep troll claws you but does no damage.
You puncture the deep troll!
The deep troll is heavily wounded.
You block the deep troll's attack. The deep troll barely misses you.
You block the deep troll's attack.
You hit the deep troll but do no damage.
The deep troll is heavily wounded.
You hit the deep troll.
The deep troll is heavily wounded.
You block the deep troll's attack. The deep troll barely misses you.
The deep troll claws you.
You barely miss the deep troll. You headbutt the deep troll.
The deep troll is heavily wounded.
You block the deep troll's attack. x2; The deep troll claws you!
You hit the deep troll.
The deep troll is severely wounded.
The deep troll closely misses you. You furiously retaliate!
You headbutt the deep troll! The deep troll claws you.
The deep troll claws you but does no damage.
You hit the deep troll but do no damage.
Your headbutt misses the deep troll.
The deep troll is severely wounded.
The deep troll bites you!!
* * * LOW HITPOINT WARNING * * *
The deep troll claws you but does no damage. x2
You feel better. The deep troll closely misses you. The deep troll claws you!
* * * LOW HITPOINT WARNING * * *
The deep troll claws you!
* * * LOW HITPOINT WARNING * * *
You feel better. The deep troll bites you!
* * * LOW HITPOINT WARNING * * *
The deep troll claws you!
You die...
Your body crumbles into a pile of gold.

#..#####'#####'# $
#..####..#...#[# $ $
#..#__####..##.# $$
#..#_____##'#_.+
#⌠⌠#_.∩...'..._# $$
####_..__##_.#'#
$$#_____###'#.#$$ $
##########)####+###
$
........'...@T$.$$+$
#++++####...#######
$ $ ###.### $ $
#.#'#.# $ $ #.....#
$ #.[...# ####### $$


You could see a deep troll.

Vanquished Creatures
  Sonja (D)
  Sigmund (D)
  A yak (D)
  An ogre (D)
  A jelly (D)
  Ijyb (D)
6 creatures vanquished.

Vanquished Creatures (others)
  2 ballistomycete spores (D)
2 creatures vanquished.

Grand Total: 8 creatures vanquished

Notes
Turn   | Place    | Note
-------+----------+-------------------------------------------
     0 | D        | rocky1 the Minotaur Fighter began the quest for the Orb.
     0 | D        | Reached XP level 1. HP: 19/19 MP: 0/0
     2 | D        | Noticed Ijyb
    17 | D        | Killed Ijyb
    18 | D        | Reached skill level 5 in Fighting
    18 | D        | Reached skill level 5 in Armour
    18 | D        | Reached skill level 5 in Shields
    18 | D        | Reached XP level 2. HP: 4/29 MP: 1/1
   325 | D        | Noticed an ogre
   331 | D        | Killed an ogre
   332 | D        | Reached skill level 1 in Dodging
   332 | D        | Reached XP level 3. HP: 39/39 MP: 2/2
   332 | D        | Reached XP level 4. HP: 47/47 MP: 3/3
   636 | D        | Noticed Sigmund
   642 | D        | Killed Sigmund
   643 | D        | Reached XP level 5. HP: 46/56 MP: 4/4
   789 | D        | Found an ornate altar of the Wu Jian Council.
   789 | D        | Found a shimmering blue altar of Sif Muna.
   791 | D        | Found a radiant altar of Vehumet.
   794 | D        | Reached XP level 6. HP: 63/63 MP: 5/5
   824 | D        | Found Donugg's Armour Emporium.
   824 | D        | Found an ancient bone altar of Kikubaaqudgha.
   824 | D        | Found a hazy altar of Hepliaklqana.
   824 | D        | Found a stormy altar of Qazlal.
   824 | D        | Found a hide-covered altar of Uskayaw.
   824 | D        | Found a blossoming altar of Fedhas.
   824 | D        | Found a bloodstained altar of Trog.
   824 | D        | Found an iron altar of Okawaru.
   824 | D        | Found a basalt altar of Yredelemnul.
   824 | D        | Found a glowing golden altar of the Shining One.
   824 | D        | Found a snail-covered altar of Cheibriados.
   824 | D        | Found a sacrificial altar of Ru.
   824 | D        | Found a glowing silver altar of Zin.
   824 | D        | Found a shadowy altar of Dithmenos.
   824 | D        | Found a white marble altar of Elyvilon.
   824 | D        | Noticed a yak
   832 | D        | Killed a yak
   833 | D        | Reached skill level 10 in Fighting
   833 | D        | Found an opulent altar of Gozag.
   834 | D        | Found a sparkling altar of Nemelex Xobeh.
   839 | D        | Became a worshipper of Gozag Ym Sagoz the Greedy
  1103 | D        | Noticed Sonja
  1131 | D        | Killed Sonja
  1132 | D        | Reached skill level 10 in Shields
  1132 | D        | Reached XP level 7. HP: 5/74 MP: 6/6
  1576 | D        | Noticed a deep troll
  1594 | D        | HP: 1/74 [deep troll (11)]
  1594 | D        | Mangled by a deep troll

Illustrated notes

Levels and vault maps discovered:
D:        dungeon_sprint_1 [red_sonja_temple_1, red_sonja_temple_small_1]

Skill      XL: |  1  2  3  4  5  6 |
---------------+-------------------+-----
Fighting       | 5 7 8 9 11 | 11.4
Polearms       | 3 4 6 9 |  9.2
Armour         | 5 6 8 11 | 11.4
Shields        | 5 6 8 10 | 10.7
Dodging        | 1 2 3 |  3.8

Action                     |  1- 3 |  4- 6 |  7- 9 || total
---------------------------+-------+-------+-------++-------
  Melee: Trident           |    20 |    26 |    14 ||    60
         Headbutt          |     3 |     3 |     3 ||     9
    Use: Potion            |       |     1 |     4 ||     5
 Armour: Scale mail        |     1 |     4 |     5 ||    10
  Dodge: Dodged            |     8 |    13 |    11 ||    32
  Block: Buckler           |     5 |     3 |    10 ||    18

Table legend: (Time is in decaauts)
 A = Elapsed time spent in this place.
 B = Non-inter-level travel time spent in this place.
 C = Inter-level travel time spent in this place.
 D = Time resting spent in this place.
 E = Time spent auto-exploring this place.
 F = Levels seen in this place.
 G = Mean time per level.
                   A        B        C        D        E       F      G
               +--------+--------+--------+--------+--------+-----+--------+
         Total |   1601 |   1601 |      0 |   1366 |      0 |   1 | 1601.0 |
       Dungeon |   1601 |   1601 |      0 |   1366 |      0 |   1 | 1601.0 |
               +--------+--------+--------+--------+--------+-----+--------+

Top non-repeatable levels by time:
       D: 1601 daAuts
